 Dungeon Crawl Stone Soup version 0.23-a0-808-gd21de94 (webtiles) character file.

89408 tilp the Impaler (level 15, -16/115 HPs)
             Began as a Merfolk Ice Elementalist on Jan 19, 2019.
             Was a High Priest of Makhleb.
             Demolished by Agnes
             ... wielding a +0 lajatang
              (32 damage)
             ... on level 14 of the Dungeon on Jan 20, 2019.
             The game lasted 02:07:42 (30742 turns).

tilp the Impaler (Merfolk Ice Elementalist)        Turns: 30742, Time: 02:07:42

Health: -16/115    AC: 11    Str: 14    XL:     15   Next: 97%
Magic:  29/29      EV: 18    Int: 25    God:    Makhleb [*****.]
Gold:   541        SH:  5    Dex: 14    Spells: 10/34 levels left

rFire    + . .     SeeInvis .   a - +0 glaive (drain)
rCold    . . .     Gourm    .   (shield currently unavailable)
rNeg     . . .     Faith    .   J - +2 robe {MR+}
rPois    +         Spirit   .   o - +2 helmet
rElec    .         Reflect  +   e - +2 cloak
rCorr    .         Harm     .   v - +0 pair of gloves
MR       ++...                  (no boots)
Stlth    ++........             T - +5 amulet of reflection
HPRegen  0.29/turn              G - ring of Brilliance {rPois Str+6 Int+3}
MPRegen  0.21/turn              Y - ring of protection from fire

@: slowed, very slow
A: change form in water, swift swim, stealthy swim
a: Minor Destruction, Lesser Servant of Makhleb, Major Destruction, Greater
Servant of Makhleb, Renounce Religion


You were on level 14 of the Dungeon.
You worshipped Makhleb.
Makhleb was extremely pleased with you.
You were very hungry.

You visited 4 branches of the dungeon, and saw 23 of its levels.
You also visited: Bailey and Volcano.

You collected 3563 gold pieces.
You spent 3022 gold pieces at shops.

Inventory:

Hand Weapons
 a - a +0 glaive of draining (weapon)
 b - a +1 scimitar of flaming
Missiles
 i - 3 throwing nets
 R - 31 tomahawks of returning (quivered)
Armour
 e - a +2 cloak (worn)
 o - a +2 helmet (worn)
 u - a +3 leather armour
 v - a +0 pair of gloves (worn)
 H - a +0 helmet of intelligence
 J - a +2 robe of magic resistance (worn)
 K - a +0 leather armour of fire resistance
Jewellery
 p - an uncursed ring of flight
 r - an uncursed ring of see invisible
 G - the ring of Brilliance (left hand) {rPois Str+6 Int+3}
   (You bought it in a shop on level 2 of the Orcish Mines)

   [ring of strength]

   It affects your strength (+6).
   It affects your intelligence (+3).
   It protects you from poison.
 Q - an uncursed ring of wizardry
 T - a +5 amulet of reflection (around neck)
 Y - a ring of protection from fire (right hand)
Wands
 g - a wand of scattershot (3)
 l - a wand of enslavement (4)
 m - a wand of disintegration (4)
 w - a wand of paralysis (24)
 F - a wand of acid (15)
 P - a wand of digging (7)
 U - a wand of clouds (11)
 X - a wand of polymorph (25)
 Z - a wand of flame (9)
Scrolls
 f - 12 scrolls of teleportation
 q - 3 scrolls of magic mapping
 s - 3 scrolls of blinking
 y - 10 scrolls of remove curse
 z - 4 scrolls of amnesia
 D - 4 scrolls of enchant weapon
 I - a scroll of identify
 V - a scroll of fear
Potions
 d - 12 potions of curing
 h - 2 potions of magic
 j - a potion of invisibility
 k - 4 potions of might
 n - 5 potions of flight
 t - a potion of berserk rage
 x - 3 potions of lignification
 B - a potion of agility
 C - 8 potions of heal wounds
 L - 2 potions of cancellation
 M - 3 potions of haste
 N - 4 potions of resistance
 O - a potion of mutation
 S - 2 potions of brilliance
Comestibles
 c - 35 rations
 A - 2 chunks of flesh


   Skills:
 - Level 10.1 Fighting
 - Level 20.0 Polearms
 - Level 10.0 Dodging
 - Level 2.1 Stealth
 - Level 10.0 Spellcasting
 - Level 0.7 Conjurations
 - Level 15.0 Ice Magic
 + Level 8.1 Invocations
 - Level 6.0 Evocations


You had 10 spell levels left.
You knew the following spells:

 Your Spells              Type           Power        Failure   Level  Hunger
a - Freeze                Ice            ####         0%          1    None
b - Throw Frost           Conj/Ice       ######       1%          2    None
c - Ozocubu's Armour      Chrm/Ice       ######..     1%          3    None
d - Throw Icicle          Conj/Ice       ######..     1%          4    None
e - Summon Ice Beast      Ice/Summ       ######..     2%          4    None
f - Conjure Flame         Conj/Fire      ##......     13%         3    None
g - Apportation           Tloc           ##....       4%          1    None
h - Blink                 Tloc           N/A          8%          2    None
i - Animate Skeleton      Necr           N/A          4%          1    None
j - Regeneration          Chrm/Necr      ##........   14%         3    None

Your spell library contained the following spells:

 Spells                   Type           Power        Failure   Level  Hunger
 Ice Form                 Ice/Tmut       ######..     2%          4    None
 Magic Dart               Conj           ###.         3%          1    None
 Beastly Appendage        Tmut           ##....       4%          1    None
 Confusing Touch          Hex            ##....       4%          1    None
 Corona                   Hex            ##.....      4%          1    None
 Flame Tongue             Conj/Fire      ##...        4%          1    None
 Pain                     Necr           ##..         4%          1    None
 Summon Small Mammal      Summ           ##..         4%          1    None
 Searing Ray              Conj           ###...       5%          2    None
 Call Imp                 Summ           ##......     8%          2    None
 Slow                     Hex            ##......     8%          2    None
 Sticks to Snakes         Tmut           ##......     8%          2    None
 Dazzling Spray           Conj/Hex       ##....       13%         3    None
 Mephitic Cloud           Conj/Pois/Air  ##......     13%         3    None
 Inner Flame              Hex/Fire       ##......     14%         3    None
 Portal Projectile        Hex/Tloc       ##....       14%         3    None
 Spider Form              Tmut/Pois      ##........   14%         3    None
 Vampiric Draining        Necr           ##........   14%         3    None
 Iskenderun's Mystic Bla  Conj           ###.....     36%         4    None
 Force Lance              Conj/Tloc      ##......     38%         4    None
 Fulminant Prism          Conj/Hex       ##........   38%         4    None
 Animate Dead             Necr           N/A          43%         4    None
 Cause Fear               Hex            ##........   43%         4    None
 Leda's Liquefaction      Hex/Erth       ##........   43%         4    None
 Fireball                 Conj/Fire      ##........   75%         5    ####...
 Blade Hands              Tmut           ##........   80%         5    ####...
 Bolt of Fire             Conj/Fire      ##........   100%        6    #####..


Dungeon Overview and Level Annotations

Branches:
Dungeon (14/15)            Temple (1/1) D:4            Lair (6/6) D:9
  Swamp (0/4) Lair:2       Spider (0/4) Lair:3        Slime (0/5) Lair:6
    Orc (2/2) D:11            Elf (0/3) Orc:2
 Vaults: D:13-14

Altars:
Ashenzari
Cheibriados
Dithmenos
Elyvilon
Fedhas
Gozag
Hepliaklqana
Kikubaaqudgha
Makhleb
Nemelex Xobeh
Okawaru
Qazlal
Ru
Sif Muna
Trog
Uskayaw
Vehumet
Wu Jian
Xom
Yredelemnul
Zin
The Shining One
Beogh
Jiyva

Shops:
D:9 !}(:   D:10 (   Orc:2 [(=*

Portals:
Trove: D:10 (give +7 demon whip)

Annotations:
D:9 2 transporters, Lanoc's ghost, novice DsFi
D:14 exclusion: worker ant, Agnes; Louise
Lair:2 2 transporters, exclusion: oklob plant
Lair:4 3 runed doors, exclusions: 2 yaks and 2 more exclusions, Caaffuqiox's ghost, journeyman MfGl; Rupert
Orc:1 2 runed doors, exclusion: orange crystal statue


Message History

You butcher the howler monkey corpse.
A - 2 chunks of flesh You see here a howler monkey skeleton.
You now have 541 gold pieces (gained 15).
Items here: ) [ †† a +0 battleaxe; a +0 chain mail; a human corpse; a vampire mosquito corpse You see here a howler monkey skeleton.
You are feeling very hungry.
Agnes drinks a potion.
Agnes suddenly seems more agile.
A centaur comes into view. It is wielding a +0 shortbow.
Things that are here:
a +0 robe; a +0 flail; a worker ant corpse Agnes closely misses you.
Agnes hits you with a +0 lajatang!!
You hear a shout!
Agnes says, "I despise a dishonourable opponent."
Agnes hits you with a +0 lajatang!!
* * * LOW HITPOINT WARNING * * *
Agnes hits you with a +0 lajatang!!
You die...

##≈...♣ . ##..≈≈..♣## <
#.##^♣^..♣..#.# . ..^♣.._##..^.
##.. ###≈≈..≈.#..# .....
#.##≈...#^.###....#
##########..##..≈^.##>...........
.......#.....###@###.†..†........
..<†.....###..#..ic).###.........
.)......####.##.###[## #.........
..÷.......†..##.###÷# #.........
.......####......##)# #.........
.......#.........<(.####.........
.......#.##...##..........(......
.......#.......#...#####.........
##############...................


You could see Agnes and a centaur.

Vanquished Creatures
  Kirke (D:14)
  Nessos (D:14)
  2 dire elephants (Lair:6)
  Azrael (D:13)
  Harold (D:7)
  A vault guard (D:10)
  A hydra (Lair:6)
  An anaconda (Lair:6)
  A death knight (D:14)
  A catoblepas (Lair:5)
  5 two-headed ogres
  3 death yaks (Lair:6)
  2 orc high priests (Orc:2)
  Urug (D:13)
  2 fire crabs
  A lindwurm (Volcano)
  4 orc knights
  4 orc sorcerers
  3 cyclopes
  The ghost of confidenceinterval the Insei, a novice GnTm (D:5)
  An oklob plant (Lair:4)
  3 centaur zombies
  2 ugly things
  8 elephants
  7 black mambas
  2 torpor snails
  3 centaur skeletons
  9 spiny frogs
  The ghost of Killmatronix the Magician, a novice CeWn of Sif Muna (D:5)
  2 gargoyles
  6 komodo dragons
  A freezing wraith (D:14)
  5 trolls
  Grinder (D:6)
  2 bog bodies (Lair:2)
  A hornet (D:11)
  19 blink frogs
  4 dream sheep (Lair:4)
  6 hippogriffs
  A meliai zombie (D:13)
  4 wraiths
  A shadow (D:11)
  58 yaks
  3 wyverns
  A water elemental (D:12)
  7 fire bats (Volcano)
  A fire elemental (D:13)
  9 hogs
  A human (D:8)
  A steam dragon (D:8)
  4 vampire mosquitoes (D:14)
  A hungry ghost (D:8)
  2 swamp worms (Lair:2)
  5 wargs
  11 water moccasins
  An acid dragon (D:13)
  6 hell hounds
  2 soldier ants
  14 porcupines
  An ice beast (D:7)
  37 orc warriors
  3 sky beasts
  2 black bears
  3 eyes of draining
  8 wolves (Lair:2)
  A phantom (D:8)
  A necrophage (D:13)
  19 ogres
  8 centaurs
  12 crocodiles
  2 big kobolds
  11 bullfrogs
  6 scorpions
  5 wights (D:13)
  4 howler monkeys
  12 electric eels
  A bullfrog zombie (D:13)
  8 crimson imps
  4 hounds
  A lava snake (Lair:3)
  2 jellies
  15 orc priests
  Crazy Yiuf (D:6)
  18 orc wizards
  2 bullfrog skeletons
  Natasha (thrice) (D:2)
  2 iguanas (D:6)
  6 worker ants
  A hound zombie (D:5)
  7 gnolls
  7 adders
  3 shadow imps
  2 oozes
  4 worms
  A dart slug (D:1)
  3 leopard geckos
  58 orcs
  5 giant cockroaches
  11 goblins
  11 hobgoblins
  18 jackals
  27 kobolds
  A quokka (D:3)
  2 ball pythons
  A ball python zombie (D:6)
  6 bats
  6 frilled lizards
  A jackal skeleton (D:4)
  2 leopard gecko skeletons (D:4)
  A leopard gecko zombie (D:4)
  A quokka skeleton (D:4)
  A quokka zombie (D:7)
  10 rats
  A bush (Lair:4)
  A fungus (D:6)
  7 plants
650 creatures vanquished.

Vanquished Creatures (collateral kills)
  An orc warlord (Orc:2)
  A dire elephant (Lair:6)
  A hydra (Lair:2)
  An orc high priest (Orc:2)
  A black mamba (Lair:6)
  Maurice (D:13)
  2 spiny frogs (Lair:6)
  7 dream sheep (Lair:6)
  3 basilisks
  An orc warrior (Orc:2)
  An orc priest (Orc:2)
  An orc wizard (Orc:2)
  A worker ant (D:14)
  8 orcs (Orc:2)
  3 fungi (Orc:2)
33 creatures vanquished.

Vanquished Creatures (others)
  A steam dragon (Volcano)
  A centaur (D:10)
  29 fungi
  12 plants
  2 withered plants (D:5)
45 creatures vanquished.

Grand Total: 728 creatures vanquished

Notes
Turn   | Place    | Note
-------+----------+-------------------------------------------
     0 | D:1      | tilp the Merfolk Ice Elementalist began the quest for the
                  | Orb.
     0 | D:1      | Reached XP level 1. HP: 13/13 MP: 3/3
   682 | D:1      | Reached XP level 2. HP: 10/19 MP: 0/5
   966 | D:1      | Learned a level 2 spell: Throw Frost
  1200 | D:1      | Reached XP level 3. HP: 21/24 MP: 3/6
  1205 | D:1      | Learned a level 3 spell: Ozocubu's Armour
  1926 | D:2      | Noticed Natasha
  1940 | D:2      | Killed Natasha
  1940 | D:2      | Reached skill level 5 in Ice Magic
  1940 | D:2      | Reached XP level 4. HP: 14/30 MP: 3/7
  1976 | D:2      | Noticed Natasha
  2101 | D:2      | Killed Natasha
  2106 | D:2      | Noticed Natasha
  2113 | D:2      | Killed Natasha
  2113 | D:2      | Reached XP level 5. HP: 23/35 MP: 2/8
  2646 | D:3      | Found a faded altar of an unknown god.
  3266 | D:3      | Reached XP level 6. HP: 41/41 MP: 4/9
  3421 | D:3      | Found an opulent altar of Gozag.
  3422 | D:3      | Found a glowing silver altar of Zin.
  4116 | D:4      | Reached skill level 2 in Polearms
  4276 | D:4      | Reached XP level 7. HP: 36/46 MP: 6/10
  4412 | D:4      | Reached skill level 3 in Polearms
  4443 | D:4      | Reached skill level 4 in Polearms
  4833 | D:4      | Reached skill level 5 in Polearms
  4929 | D:4      | Reached skill level 6 in Polearms
  5018 | D:4      | Found a staircase to the Ecumenical Temple.
  5043 | Temple   | Entered the Ecumenical Temple
  5489 | D:5      | Entered Level 5 of the Dungeon
  5834 | D:5      | Reached skill level 7 in Polearms
  5950 | D:5      | Found a basalt altar of Yredelemnul.
  6036 | D:5      | Reached XP level 8. HP: 37/52 MP: 11/11
  6349 | D:5      | Found a runed gate.
  6349 | D:5      | Found a runed gate.
  6349 | D:5      | Found a runed gate.
  6349 | D:5      | Noticed Killmatronix's ghost (novice CeWn)
  6350 | D:5      | Noticed confidenceinterval's ghost (novice GnTm)
  6382 | D:5      | Found a radiant altar of Vehumet.
  6393 | D:5      | Reached skill level 8 in Polearms
  6394 | D:5      | Found a sparkling altar of Nemelex Xobeh.
  6828 | D:6      | Reached skill level 9 in Polearms
  6896 | D:6      | Noticed Grinder
  6979 | D:6      | Reached skill level 10 in Polearms
  7303 | D:6      | Found a runed door.
  7308 | D:6      | Noticed Crazy Yiuf
  7316 | D:6      | Killed Crazy Yiuf
  7798 | D:7      | Noticed Harold
  7819 | D:7      | Found a burning altar of Makhleb.
  7819 | D:7      | Found a hazy altar of Hepliaklqana.
  7819 | D:7      | Found an iron altar of Okawaru.
  7826 | D:7      | Became a worshipper of Makhleb the Destroyer
  7883 | D:7      | Killed Harold
  7883 | D:7      | Reached skill level 13 in Polearms
  7883 | D:7      | Reached XP level 9. HP: 23/57 MP: 0/12
  8966 | D:7      | Reached skill level 14 in Polearms
  9928 | D:8      | Reached skill level 15 in Polearms
 10415 | D:8      | Noticed a two-headed ogre
 10501 | D:8      | Reached skill level 16 in Polearms
 10501 | D:8      | Reached XP level 10. HP: 51/63 MP: 6/13
 10583 | D:8      | Reached skill level 1 in Fighting
 10651 | D:8      | Reached * piety under Makhleb
 10925 | D:8      | Noticed a purple ugly thing
 10975 | D:8      | Reached skill level 5 in Dodging
 11211 | D:9      | Found a stormy altar of Qazlal.
 11211 | D:9      | Found a shadowy altar of Dithmenos.
 11211 | D:9      | Found a white marble altar of Elyvilon.
 11252 | D:9      | Found Tabigh's Book Boutique.
 11272 | D:9      | Found Vecureqehu's Gadget Shoppe.
 11292 | D:9      | Found Kadoucwa's Antique Weapon Boutique.
 11344 | D:9      | Found Qicwa's Distillery.
 11351 | D:9      | Bought a potion of heal wounds for 70 gold pieces
 11351 | D:9      | Bought a potion of heal wounds for 70 gold pieces
 11359 | D:9      | Found a flagged portal.
 11371 | Bailey   | Entered a bailey
 11501 | Bailey   | Found the +2 Maxwell's thermic engine {flame, freeze}
 11753 | Bailey   | Found a bloodstained altar of Trog.
 11923 | D:9      | Noticed a two-headed ogre
 11990 | D:9      | Reached skill level 5 in Fighting
 12013 | D:9      | Killed a two-headed ogre
 12088 | D:9      | Found a transporter.
 12088 | D:9      | Found a transporter.
 12095 | D:9      | Noticed Lanoc's ghost (novice DsFi)
 12129 | D:9      | Found a glowing golden altar of the Shining One.
 12131 | D:9      | Found a hide-covered altar of Uskayaw.
 12264 | D:9      | Found a staircase to the Lair.
 12314 | D:9      | Reached ** piety under Makhleb
 12620 | D:9      | Bought a book of Minor Magic for 300 gold pieces
 12620 | D:9      | Bought a book of Cantrips for 300 gold pieces
 12623 | D:9      | Learned a level 2 spell: Blink
 12627 | D:9      | Learned a level 3 spell: Conjure Flame
 12629 | D:9      | Learned a level 1 spell: Animate Skeleton
 12631 | D:9      | Learned a level 1 spell: Apportation
 12639 | D:10     | Entered Level 10 of the Dungeon
 12639 | D:10     | Noticed a two-headed ogre
 12649 | D:10     | Killed a two-headed ogre
 12649 | D:10     | Reached skill level 5 in Spellcasting
 12649 | D:10     | Reached XP level 11. HP: 81/83 MP: 13/18
 12875 | D:10     | Found Eguniyf's Weapon Shoppe.
 13291 | D:10     | Killed a purple ugly thing
 13480 | D:10     | Found a portal to a secret trove of treasure.
 13484 | D:10     | Noticed a vault guard
 13503 | D:10     | Killed a vault guard
 14163 | D:11     | Noticed a two-headed ogre
 14175 | D:11     | Killed a two-headed ogre
 14371 | D:11     | Noticed a cyclops
 14514 | D:11     | Learned a level 4 spell: Throw Icicle
 14519 | D:11     | Learned a level 4 spell: Summon Ice Beast
 14582 | D:11     | Killed a cyclops
 14883 | D:11     | Reached skill level 10 in Spellcasting
 14936 | D:11     | Reached XP level 12. HP: 85/89 MP: 9/26
 14985 | D:11     | Reached *** piety under Makhleb
 15739 | D:11     | Found a staircase to the Orcish Mines.
 15847 | D:9      | Bought a wand of digging (4) for 224 gold pieces
 15847 | D:9      | Bought a wand of paralysis (8) for 140 gold pieces
 15859 | D:9      | Bought a jewelled scythe for 200 gold pieces
 15859 | D:9      | Identified the +4 scythe of Youthful Indiscretion {venom,
                  | rF+} (You bought it in a shop on level 9 of the Dungeon)
 16103 | D:5      | Killed confidenceinterval's ghost
 16142 | D:5      | Killed Killmatronix's ghost
 16240 | D:6      | Paralysed by Grinder for 3 turns
 16250 | D:6      | Killed Grinder
 16305 | D:8      | Killed a two-headed ogre
 16305 | D:8      | Reached skill level 10 in Ice Magic
 16397 | D:8      | Reached skill level 1 in Invocations
 16398 | D:8      | Reached skill level 1 in Evocations
 16882 | Lair:1   | Entered Level 1 of the Lair of Beasts
 17493 | Lair:1   | Reached **** piety under Makhleb
 18499 | Lair:2   | Noticed a five-headed hydra
 18691 | Lair:2   | Found a transporter.
 18776 | Lair:2   | Reached skill level 17 in Polearms
 18776 | Lair:2   | Reached skill level 5 in Evocations
 18776 | Lair:2   | Reached XP level 13. HP: 94/94 MP: 27/27
 18982 | Lair:2   | Found a transporter.
 19219 | Lair:2   | Reached skill level 18 in Polearms
 19691 | Lair:2   | Reached XP level 14. HP: 44/101 MP: 21/28
 20018 | Lair:2   | Found a staircase to the Swamp.
 20171 | Lair:3   | Found a dark tunnel.
 20176 | Volcano  | Entered a volcano
 20267 | Volcano  | Got a scorched helmet
 20308 | Volcano  | Reached skill level 19 in Polearms
 20520 | Volcano  | Identified the +0 helmet of Esenaplo {Int+4 Stlth+} (You
                  | found it in a volcano)
 20759 | Lair:3   | Reached ***** piety under Makhleb
 21101 | Lair:3   | Reached skill level 20 in Polearms
 21129 | Lair:3   | Found a hole to the Spider Nest.
 21633 | Lair:4   | Noticed Caaffuqiox's ghost (journeyman MfGl)
 22673 | Lair:4   | Found a runed gate.
 22673 | Lair:4   | Found a runed gate.
 22673 | Lair:4   | Found a runed gate.
 22675 | Lair:4   | Noticed Rupert
 22954 | Lair:5   | Got a pair of fine boots
 22955 | Lair:5   | Identified the cursed -2 pair of boots "Qurufawk" {rF+ rC-
                  | Str+4} (You found it on level 5 of the Lair of Beasts)
 23373 | Lair:5   | Got an encrusted chain mail
 23501 | Lair:5   | Learned a level 3 spell: Regeneration
 24004 | Lair:5   | Identified the cursed +1 chain mail of the Rose {Int+6}
                  | (You found it on level 5 of the Lair of Beasts)
 24040 | Lair:6   | Entered Level 6 of the Lair of Beasts
 24259 | Lair:6   | Found a viscous altar of Jiyva.
 24259 | Lair:6   | Found a staircase to the Slime Pits.
 24760 | Lair:6   | Reached XP level 15. HP: 112/112 MP: 29/29
 25191 | Lair:6   | Reached skill level 10 in Dodging
 25271 | Lair:6   | Identified Sif Muna's Volume of Heat
 25444 | Lair:6   | Reached skill level 10 in Fighting
 25717 | Lair:6   | Upgraded the game from 0.23-a0-767-gdc19b93 to
                  | 0.23-a0-808-gd21de94
 25882 | Orc:1    | Entered Level 1 of the Orcish Mines
 26047 | Orc:1    | Found a runed door.
 26049 | Orc:1    | Found the +10 large shield of Ignorance {rN+ Int-4}
 26097 | Orc:1    | Found a runed door.
 26307 | Orc:1    | Found a roughly hewn altar of Beogh.
 26394 | Orc:2    | Entered Level 2 of the Orcish Mines
 26631 | Orc:2    | Noticed an orc warlord
 26637 | Orc:1    | Paralysed by an orc sorcerer for 4 turns
 26769 | Orc:2    | Killed an orc warlord
 27223 | Orc:2    | Found Hutaqiss's Jewellery Shop.
 27238 | Orc:2    | Found Mutuf's General Store.
 27242 | Orc:2    | Paralysed by an orc sorcerer for 3 turns
 27392 | Orc:2    | Bought the ring of Brilliance {rPois Str+6 Int+3} for 1216
                  | gold pieces
 27423 | Orc:2    | Found a staircase to the Elven Halls.
 27441 | Orc:2    | Bought 2 scrolls of identify for 52 gold pieces
 27514 | Orc:2    | Found Ozxohiax's Antique Weapon Emporium.
 27707 | Orc:2    | Found Butux's Antique Armour Emporium.
 28127 | Orc:2    | Bought a glowing helmet for 210 gold pieces
 28208 | Orc:2    | Bought an uncursed ring of see invisible for 240 gold
                  | pieces
 28334 | D:12     | Found a stormy altar of Qazlal.
 29278 | D:13     | Noticed Azrael
 29285 | D:13     | Killed Azrael
 29645 | D:13     | Noticed Urug
 29660 | D:13     | Killed Urug
 29675 | D:13     | Noticed Maurice
 29700 | D:13     | Killed Maurice
 30285 | D:14     | Noticed Kirke
 30289 | D:14     | Noticed a sphinx
 30315 | D:13     | Reached skill level 15 in Ice Magic
 30387 | D:14     | Killed Kirke
 30586 | D:14     | Noticed Agnes
 30590 | D:14     | Noticed Louise
 30614 | D:14     | Found a shimmering altar of Xom.
 30662 | D:14     | Noticed Nessos
 30682 | D:14     | Reached ****** piety under Makhleb
 30685 | D:14     | Killed Nessos
 30742 | D:14     | Demolished by Agnes

Vault maps used:
D:1:      matt_arrival_spirals
D:2:      uniq_natasha
D:3:      grunt_temple_overflow_gold_and_silver,
          chequers_ecumenical_altar_island, first_ration
D:4:      cheibrodos_thug_alley, minmay_temple_entry_enclosed_plants,
          serial_bayou_ford_a
D:5:      gammafunk_temple_overflow_pools, nicolae_overflow_crystal_walls,
          gammafunk_ghost_cemetery
D:6:      minmay_misc_feat_x, uniq_grinder, uniq_crazy_yiuf_cottage
D:7:      gammafunk_temple_overflow_claw, uniq_harold
D:8:      grunt_livestock, minmay_shattered_shrine
D:9:      grunt_temple_overflow_open, david_lair_shrubbed, gammafunk_ghost_hive,
          serial_shops, shop_statue, shop, kennysheep_mini, shop, enter_bailey_2
D:10:     enter_trove_5, serial_shops, shop, water_maze_lemuel
D:11:     erik_orc_2
D:12:     minmay_weird_star, chequers_big_river,
          nicolae_qazlal_style_of_elements
D:13:     grunt_ministairs_2, minivault_22, uniq_maurice, uniq_azrael, uniq_urug
D:14:     david_vaults_4, xom_redecorated, jmf_multi_god_temple2, uniq_agnes,
          uniq_nessos, uniq_kirke, uniq_louise
Temple:   kb_temple_of_zot
Lair:1:   serial_bayou_shore_b, grunt_megastairs_5
Lair:2:   gammafunk_cloud_chamber, nicolae_swamp_entry_splash_gauntlet,
          grunt_megastairs_1
Lair:3:   nicolae_spider_entry_non_spiders, enter_volcano_4, fungi_pond_lemuel
Lair:4:   gammafunk_ghost_icy, minmay_lair_oklob_items, uniq_rupert
Lair:5:   beast_lair_carwin_large_3, chequers_serial_rivers_room_b,
          guppyfry_lair_drakes
Lair:6:   due_jungle_book, dpeg_slime_entry_enclosed_altar, st_stairs_10
Orc:1:    basic_altar, chequers_guarded_unrand_ignorance
Orc:2:    grunt_orc_gardens, grunt_orc_garden, grunt_orc_garden,
          grunt_orc_garden, grunt_orc_garden
Bailey:   bailey_axe_3, bailey
Volcano:  volcano_pools

Skill      XL: |  1  2  3  4  5  6  7  8  9 10 11 12 13 14 15 |
---------------+----------------------------------------------+-----
Ice Magic      | 4 5 6 7 8 10 12 15 | 15.0
Polearms       | 2 7 13 16 17 18 20 | 20.0
Fighting       | 6 8 10 | 10.1
Dodging        | 6 9 10 | 10.0
Spellcasting   | 5 10 | 10.0
Invocations    | 6 8 |  8.1
Evocations     | 5 6 |  6.0
Stealth        | |  2.1
Conjurations   | |  0.7

Action                   |  1- 3 |  4- 6 |  7- 9 | 10-12 | 13-15 || total
-------------------------+-------+-------+-------+-------+-------++-------
Melee: Club              |     4 |       |       |       |       ||     4
       Unarmed           |     1 |       |       |       |       ||     1
       Spear             |    35 |   139 |   207 |       |       ||   381
       Trident           |       |       |   140 |       |       ||   140
       Halberd           |       |       |    20 |   761 |    68 ||   849
       Glaive            |       |       |       |       |  1583 ||  1583
       Tailslap          |       |       |       |       |     1 ||     1
Throw: Stone             |     4 |     3 |       |       |       ||     7
       Tomahawk          |       |       |     5 |    15 |    18 ||    38
       Throwing net      |       |       |     2 |       |       ||     2
 Cast: Freeze            |    39 |    75 |   100 |    89 |    48 ||   351
       Throw Frost       |     1 |       |     5 |    51 |    26 ||    83
       Ozocubu's Armour  |     2 |     1 |    20 |    46 |    97 ||   166
       Conjure Flame     |       |       |       |     4 |    12 ||    16
       Blink             |       |       |       |     1 |     1 ||     2
       Throw Icicle      |       |       |       |     2 |    54 ||    56
       Apportation       |       |       |       |       |     2 ||     2
       Regeneration      |       |       |       |       |    25 ||    25
       Summon Ice Beast  |       |       |       |       |     2 ||     2
Invok: Minor Destruction |       |       |       |     2 |       ||     2
       Lesser Servant of |       |       |       |     1 |    23 ||    24
Evoke: Wand              |       |       |     1 |    15 |     5 ||    21
  Use: Scroll            |       |     7 |    15 |    12 |    15 ||    49
       Potion            |       |       |     1 |     1 |     5 ||     7
 Stab: Sleeping          |     3 |     3 |     6 |    11 |     8 ||    31
       Distracted        |     1 |       |       |     4 |     5 ||    10
       Paralysed         |       |       |       |       |     4 ||     4
  Eat: Chunk             |     4 |     8 |    18 |    29 |    35 ||    94
       Ration            |       |       |     2 |     1 |     2 ||     5
Armor: Robe              |     5 |     7 |       |       |    43 ||    55
       Leather armour    |       |    43 |   111 |   186 |   282 ||   622
Dodge: Dodged            |    25 |   109 |   169 |   307 |   732 ||  1342
Block: Other             |       |       |       |    77 |   240 ||   317
       Reflection        |       |       |       |     9 |     4 ||    13

Table legend:
 A = Non-vault XP
 B = Vault XP
 C = Vault XP percentage of total XP
 D = Non-vault monster count
 E = Vault monster count
 F = Vault count percentage of total count
                 A         B        C        D         E       F
            +---------+---------+-------+---------+---------+-------
      Total |   71163 |   36907 |  34.2 |     508 |     164 |  24.4
            +---------+---------+-------+---------+---------+-------
        D:1 |      48 |       0 |   0.0 |      24 |       0 |   0.0
        D:2 |     152 |      36 |  19.1 |      25 |       1 |   3.8
        D:3 |     161 |       0 |   0.0 |      27 |       0 |   0.0
        D:4 |     501 |     113 |  18.4 |      22 |       9 |  29.0
        D:5 |     273 |     970 |  78.0 |      11 |       2 |  15.4
        D:6 |     620 |     319 |  34.0 |      10 |       2 |  16.7
        D:7 |     509 |     970 |  65.6 |      13 |       1 |   7.1
        D:8 |    1514 |    3014 |  66.6 |      23 |      17 |  42.5
        D:9 |    1606 |     350 |  17.9 |      18 |       1 |   5.3
       D:10 |    4549 |    1469 |  24.4 |      23 |       2 |   8.0
       D:11 |    4535 |     784 |  14.7 |      21 |      21 |  50.0
       D:12 |    1205 |       0 |   0.0 |       7 |       0 |   0.0
       D:13 |    6539 |    4108 |  38.6 |      35 |      13 |  27.1
       D:14 |    2919 |    3658 |  55.6 |      14 |       3 |  17.6
     Lair:1 |    3565 |     368 |   9.4 |      19 |       3 |  13.6
     Lair:2 |    6583 |    1180 |  15.2 |      30 |       8 |  21.1
     Lair:3 |    5652 |     221 |   3.8 |      23 |       8 |  25.8
     Lair:4 |    3940 |     542 |  12.1 |      18 |       1 |   5.3
     Lair:5 |    7537 |    3310 |  30.5 |      27 |      11 |  28.9
     Lair:6 |   12554 |    3217 |  20.4 |      35 |       6 |  14.6
      Orc:1 |    2411 |    1147 |  32.2 |      36 |       2 |   5.3
      Orc:2 |    3790 |    7489 |  66.4 |      47 |      25 |  34.7
     Bailey |       0 |     421 | 100.0 |       0 |      16 | 100.0
    Volcano |       0 |    3221 | 100.0 |       0 |      12 | 100.0
            +---------+---------+-------+---------+---------+-------
